 Dungeon Crawl Stone Soup version 0.22.0 (webtiles) character file.

78 MercyWheel the Skirmisher (level 4, -3/37 HPs)
             Began as a Human Wanderer on Sept 12, 2018.
             Was an Initiate of Makhleb.
             Slain by Grinder (6 damage)
             ... while paralysed by Grinder
             ... on level 3 of the Dungeon.
             The game lasted 00:04:37 (1700 turns).

MercyWheel the Skirmisher (Human Wanderer)          Turns: 1700, Time: 00:04:38

Health: -3/37      AC:  8    Str: 12    XL:     4   Next: 61%
Magic:  8/8        EV:  2    Int: 16    God:    Makhleb [......]
Gold:   126        SH:  0    Dex: 10    Spells: 9/9 levels left

rFire    . . .     SeeInvis .   g - +2 dagger (elec)
rCold    . . .     Gourm    .   (no shield)
rNeg     . . .     Faith    .   p - +0 ring mail
rPois    .         Spirit   .   j - +1 helmet
rElec    .         Reflect  .   q - +0 cloak (curse)
rCorr    .         Harm     .   (no gloves)
MR       .....                  (no boots)
Stlth    +.........             (no amulet)
HPRegen  0.12/turn              (no ring)
MPRegen  0.11/turn              (no ring)

@: paralysed
A: no striking features
a: Renounce Religion


You were on level 3 of the Dungeon.
You worshipped Makhleb.
Makhleb was noncommittal.
You were hungry.

You visited 1 branch of the dungeon, and saw 3 of its levels.

You collected 126 gold pieces.

Inventory:

Hand Weapons
 a - a +2 spear
 e - a +0 dagger
 g - a +2 dagger of electrocution (weapon)
Missiles
 b - 42 bolts
Armour
 d - a +0 robe
 j - a +1 helmet (worn)
 p - a +0 ring mail (worn)
 q - a cursed +0 cloak (worn)
Scrolls
 h - 2 scrolls of blinking
 k - 3 scrolls of identify
 n - a scroll of enchant weapon
Potions
 c - a potion of lignification
 i - 2 potions of invisibility {unknown}
 m - a potion of ambrosia {unknown}
 o - 3 potions of curing
Comestibles
 f - 4 rations


   Skills:
 + Level 4.1 Fighting
 - Level 1.3 Polearms
 - Level 1.0 Throwing
 - Level 2.0 Stealth
 - Level 3.0 Spellcasting
   Level 2.0 Hexes


You had 9 spell levels left.
You didn't know any spells.
Your spell library contained the following spells:

 Spells                   Type           Power        Failure   Level  Hunger
 Conjure Flame            Conj/Fire      #.......     77%         3    ###....
 Flame Tongue             Conj/Fire      #....        38%         1    #......


Dungeon Overview and Level Annotations

Branches:
Dungeon (3/15)

Altars:
Kikubaaqudgha
Makhleb

Annotations:
D:3 Grinder


Message History

Grinder is almost dead.
Grinder hits you.
* * * LOW HITPOINT WARNING * * *
You hit Grinder.
Grinder is almost dead.
Grinder hits you but does no damage.
You hit Grinder but do no damage.
Grinder is almost dead.
Grinder hits you but does no damage.
You hit Grinder.
Grinder is almost dead.
Grinder barely misses you.
You hit Grinder but do no damage.
Grinder is almost dead.
Grinder gestures at you.
You suddenly lose the ability to move!
Grinder hits you.
* * * LOW HITPOINT WARNING * * *
You writhe in agony.
You die...

#...####...5.....#
#######.####
#.#######.##
#..........# #.#
#..ยง #..........#
#.# ####
#..........# #.#
####..[.......#
###
...............#
#####....<...5.#
#.......@..#
#..........#
#.........<#
#........(.#
############


You could see Grinder.

Vanquished Creatures
  Jessica (D:2)
  2 adders (D:2)
  A dart slug (D:1)
  2 giant cockroaches (D:1)
  6 goblins
  2 hobgoblins (D:1)
  4 jackals (D:1)
  4 kobolds
  A quokka (D:2)
  5 bats
  3 rats (D:2)
31 creatures vanquished.

Notes
Turn   | Place    | Note
-------+----------+-------------------------------------------
     0 | D:1      | MercyWheel the Human Wanderer began the quest for the Orb.
     0 | D:1      | MercyWheel set off with: a +2 spear, a potion of lignification, a +0 robe, a +0 dagger, a ration
     0 | D:1      | Reached XP level 1. HP: 16/16 MP: 4/4
    26 | D:1      | Reached skill level 1 in Polearms
    34 | D:1      | Reached XP level 2. HP: 18/22 MP: 6/6
   438 | D:1      | Reached XP level 3. HP: 24/28 MP: 7/7
   787 | D:2      | Found a faded altar of an unknown god.
   879 | D:2      | Reached skill level 3 in Fighting
  1106 | D:2      | Noticed Jessica
  1116 | D:2      | Killed Jessica
  1116 | D:2      | Reached XP level 4. HP: 35/37 MP: 8/8
  1374 | D:2      | Reached skill level 4 in Fighting
  1473 | D:3      | Noticed Grinder
  1507 | D:2      | Found a burning altar of Makhleb.
  1507 | D:2      | Found an ancient bone altar of Kikubaaqudgha.
  1669 | D:2      | Became a worshipper of Makhleb the Destroyer
  1699 | D:3      | Paralysed by Grinder for 7 turns
  1700 | D:3      | Slain by Grinder

Skill      XL: |  1  2  3  4 |
---------------+-------------+-----
Polearms       | 1 |  1.3
Fighting       | 3 4 |  4.1
Throwing       | |  1.0
Stealth        | |  2.0
Spellcasting   | |  3.0
Hexes          | |  2.0

Action                   |  1- 3 |  4- 6 || total
-------------------------+-------+-------++-------
Melee: Spear             |    22 |       ||    22
       Dagger            |    59 |    45 ||   104
  Use: Scroll            |       |     5 ||     5
 Stab: Sleeping          |     1 |       ||     1
  Eat: Chunk             |       |     2 ||     2
Armor: Robe              |    13 |       ||    13
       Ring mail         |    13 |    34 ||    47
Dodge: Dodged            |    46 |    28 ||    74
